 Dungeon Crawl Stone Soup version 0.29-a0-334-gb41bcbb86e (webtiles) character file.

Game seed: 10847160588944729680

1 spaghetti the Skirmisher (level 1, 0/24 HPs)
             Began as an Ogre Fighter on Apr 13, 2022.
             Frozen to death by an endoplasm (2 damage)
             ... on level 1 of the Dungeon.
             The game lasted 00:00:08 (28 turns).

spaghetti the Skirmisher (Ogre Fighter)               Turns: 28, Time: 00:00:09

Health: 0/24       AC:  3    Str: 19    XL:     1   Next: 20%
Magic:  1/1        EV:  8    Int:  9    God:
Gold:   0          SH:  7    Dex:  8    Spells: 0/0 levels left

rFire   . . .      SeeInvis .     - Unarmed
rCold   . . .      Faith    .   b - +0 kite shield
rNeg    . . .      Spirit   .   a - +0 robe
rPois   .          Reflect  .   (helmet restricted)
rElec   .          Harm     .   (no cloak)
rCorr   .          Rampage  .   (gloves unavailable)
Will    .....                   (boots unavailable)
Stlth   +.........              (no amulet)
HPRegen 0.08/turn               (no ring)
MPRegen 0.07/turn               (no ring)

@: no status effects
A: large, unfitting armour, tough skin 1
a: no special abilities


You were on level 1 of the Dungeon.
You visited 1 branch of the dungeon, and saw 1 of its levels.


Innate Abilities, Weirdness & Mutations

You are too large for most types of armour.
You have tough skin. (AC +1)


   Skills:
 + Level 4.1 Fighting
 - Level 2.6 Dodging
 - Level 2.6 Shields
 - Level 1.7 Unarmed Combat


You couldn't memorise any spells.
You didn't know any spells.
Your spell library was empty.

Inventory:

Armour
 a - a +0 robe (worn)
 b - a +0 kite shield (worn)
Potions
 c - a potion of might

Dungeon Overview and Level Annotations

Branches:
Dungeon (1/15)

Altars:

.. ........ #. ##......#
#.##.......######### #
#................... ..#
#..................
#..!##.[................
.##..............Jb.....
..# #.......$..@)......
#..###...........r......
##..##..................
.....................##.
................#..#..#
.++'+++.######..##.#....
+....+.# #..........
+.<..+.# ###..... ..
+....+.#


You could see an endoplasm, a bat and a rat.


Message History

🤖 Initializing magus.rc ...
Options error: Delay interrupt name "hungry" not recognised. (~/.crawlrc:4761) Options error: Bad monster_list_colour key: strict_neutral (~/.crawlrc:4776) ✅ Successfully initialized magus.rc [v1.9.6] Welcome, spaghetti the Ogre Fighter.
The Orb of Zot is coveted for many reasons.
Will you seize it for your own?
Press ? for a list of commands and other information.
Found a staircase leading out of the dungeon.
You open the door.
There is an open door here.
A goblin comes into view. It is wielding a +0 club.
The goblin shouts!
You see here 9 gold pieces.
A goblin is nearby!
A goblin is nearby!
A rat comes into view.
An endoplasm comes into view.
The endoplasm quivers.
The goblin hits you with a +0 club. 😕 HP[-2]
You take 2 damage, and now have 22/24 hp.
You are too injured to fight recklessly!
You are too injured to fight recklessly!
You are too injured to fight recklessly!
You are too injured to fight recklessly!
You are too injured to fight recklessly!
You are too injured to fight recklessly!
You are too injured to fight recklessly!
You are too injured to fight recklessly!
You are too injured to fight recklessly!
You are too injured to fight recklessly!
You are too injured to fight recklessly!
You are too injured to fight recklessly!
You are too injured to fight recklessly!
You barely miss the goblin. The goblin hits you but does no damage.
You barely miss the goblin.
The goblin hits you with a +0 club. 😕 HP[-2]
You take 2 damage, and now have 20/24 hp.
You closely miss the goblin. The rat barely misses you.
The goblin hits you but does no damage.
You completely miss the goblin. The endoplasm hits you.
The rat bites you but does no damage.
The goblin hits you with a +0 club. 😮 HP[-3]
You take 3 damage, and now have 17/24 hp.
You closely miss the goblin. The endoplasm hits you.
You block the goblin's attack. The rat closely misses you. 😮 HP[-2]
You take 2 damage, and now have 15/24 hp.
You hit the goblin. The rat completely misses you.
The goblin hits you with a +0 club.
You block the endoplasm's attack. 😮 HP[-2]
You take 2 damage, and now have 13/24 hp.
You barely miss the goblin. The endoplasm hits you.
* * * LOW HITPOINT WARNING * * *
The rat bites you but does no damage.
The goblin hits you but does no damage. 😨 HP[-1]
You take 1 damage, and now have 12/24 hp.
You closely miss the goblin.
A bat comes into view.
The endoplasm freezes you.
You are frozen.
* * * LOW HITPOINT WARNING * * *
The rat bites you.
* * * LOW HITPOINT WARNING * * *
You block the goblin's attack. 😨 HP[-2]
You take 2 damage, and now have 10/24 hp.
You hit the goblin.
You kill the goblin!
The rat bites you but does no damage.
The endoplasm hits you but does no damage.
You hit the rat. You block the bat's attack.
The bat hits you but does no damage. You block the rat's attack.
The endoplasm freezes you.
You are frozen.
* * * LOW HITPOINT WARNING * * *
😱 HP[-4]
You take 4 damage, and now have 6/24 hp.
You hit the rat. The bat hits you but does no damage.
The bat barely misses you. You block the rat's attack.
The endoplasm freezes you.
You are frozen.
* * * LOW HITPOINT WARNING * * *
😱 HP[-2]
You take 2 damage, and now have 4/24 hp.
You closely miss the rat. The bat hits you but does no damage.
The rat bites you.
* * * LOW HITPOINT WARNING * * *
The endoplasm freezes you.
You are frozen.
* * * LOW HITPOINT WARNING * * *
The endoplasm freezes you.
You are frozen.
You die...

Action                   || total
-------------------------++-------
Melee: Unarmed           ||    12
Armor: Robe              ||    10
Dodge: Dodged            ||     4
Block: Kite shield       ||     6

Levels and vault maps discovered:
D:1:      lightli_arrival_maybe_door_vault, layout_rooms,
          chequers_ecumenical_altar_island, minmay_nonomino_d4

Notes
Turn   | Place    | Note
-------+----------+-------------------------------------------
     0 | D:1      | spaghetti the Ogre Fighter began the quest for the Orb.
     0 | D:1      | Reached XP level 1. HP: 24/24 MP: 1/1
     0 | D:1      | magus.rc [v1.9.6]
    26 | D:1      | HP: 6/24 [frozen (4)]
    28 | D:1      | HP: 2/24 [frozen (1)]
    28 | D:1      | Frozen to death by an endoplasm

Vanquished Creatures
  A goblin (D:1)
1 creature vanquished.

Table legend:
 A = Non-vault XP
 B = Vault XP
 C = Vault XP percentage of total XP
 D = Non-vault monster count
 E = Vault monster count
 F = Vault count percentage of total count
                 A         B        C        D         E       F
            +---------+---------+-------+---------+---------+-------
      Total |       2 |       0 |   0.0 |       1 |       0 |   0.0
            +---------+---------+-------+---------+---------+-------
        D:1 |       2 |       0 |   0.0 |       1 |       0 |   0.0
            +---------+---------+-------+---------+---------+-------

Illustrated notes

Table legend:
 A = Kills in this place as a percentage of kills in entire the game.
 B = Kills by you in this place as a percentage of kills by you in the entire game.
 C = Kills by friends in this place as a percentage of kills by friends in the entire game.
 D = Other kills in this place as a percentage of other kills in the entire game.
 E = Experience gained in this place as a percentage of experience gained in the entire game.
 F = Experience gained in this place divided by the number of levels of this place that you have seen.
                   A       B       C       D       E      F
               +-------+-------+-------+-------+-------+----------------------
         Total | 100.0 | 100.0 |   N/A |   N/A | 100.0 |   2.0
       Dungeon | 100.0 | 100.0 |   N/A |   N/A | 100.0 |   2.0
               +-------+-------+-------+-------+-------+----------------------

Table legend: (Time is in decaauts)
 A = Elapsed time spent in this place.
 B = Non-inter-level travel time spent in this place.
 C = Inter-level travel time spent in this place.
 D = Time resting spent in this place.
 E = Time spent auto-exploring this place.
 F = Levels seen in this place.
 G = Mean time per level.
                   A        B        C        D        E       F      G
               +--------+--------+--------+--------+--------+-----+--------+
         Total |     28 |     28 |      0 |      0 |     13 |   1 |   28.0 |
       Dungeon |     28 |     28 |      0 |      0 |     13 |   1 |   28.0 |
               +--------+--------+--------+--------+--------+-----+--------+

Top non-repeatable levels by time:
     D:1: 28 daAuts
